 Dungeon Crawl Stone Soup version 0.28-a0-425-gd0eccab798 (webtiles) character file.

Game seed: 12116811022072849081

79 zero the Shooter (level 4, -1/26 HPs)
             Began as a Gargoyle Arcane Marksman on Sept 9, 2021.
             Killed by divine providence
             ... invoked by an orc priest
              (8 damage)
             ... on level 3 of the Dungeon.
             The game lasted 00:04:01 (2413 turns).

zero the Shooter (Gargoyle Arcane Marksman)         Turns: 2413, Time: 00:04:02

Health: -1/26      AC:  9    Str: 13    XL:     4   Next: 38%
Magic:  12/15      EV: 12    Int: 14    God:
Gold:   193        SH:  0    Dex: 11    Spells: 1/6 levels left

rFire   . . .      SeeInvis .   a - +0 shortbow
rCold   . . .      Faith    .   (shield currently unavailable)
rNeg    + . .      Spirit   .   d - +0 robe
rPois   ∞          Reflect  .   (no helmet)
rElec   +          Harm     .   (no cloak)
rCorr   .          Rampage  .   (no gloves)
Will    .....                   (no boots)
Stlth   ++........              (no amulet)
HPRegen 0.08/turn               b - +4 ring of protection
MPRegen 0.14/turn               k - ring of magical power

@: no status effects
A: sickness immunity, AC +3, negative energy resistance 1, electricity
resistance, torment resistance 1, petrification resistance
a: no special abilities


You were on level 3 of the Dungeon.
You visited 1 branch of the dungeon, and saw 3 of its levels.

You collected 193 gold pieces.

Inventory:

Hand Weapons
 a - a +0 shortbow (weapon)
 o - a +0 glaive
Missiles
 c - 30 arrows (quivered ammo)
Armour
 d - a +0 robe (worn)
Jewellery
 b - a +4 ring of protection (left hand)
 k - a ring of magical power (right hand)
Scrolls
 h - a scroll of immolation {unknown}
 l - a scroll of enchant armour {unknown}
 m - a scroll of holy word {unknown}
 n - a scroll of identify {unknown}
Potions
 f - a potion of curing {unknown}
 g - a potion of lignification {unknown}
 i - a potion of heal wounds {unknown}
 j - a potion of haste {unknown}


   Skills:
 - Level 2.0 Fighting
 + Level 3.0 Bows
 - Level 1.5 Dodging
 + Level 2.4 Stealth
 + Level 1.8 Spellcasting
 - Level 2.6 Hexes


You had one spell level left.
You knew the following spells:

 Your Spells              Type           Power      Damage    Failure   Level
a - Slow                  Hex            8%         N/A       12%         2
b - Inner Flame           Hex/Fire       5%         N/A       38%         3

Your spell library contained the following spells:

 Spells                   Type           Power      Damage    Failure   Level
 Portal Projectile        Hex/Tloc       10%        N/A       38%         3
 Cause Fear               Hex            4%         N/A       63%         4


Dungeon Overview and Level Annotations

Branches:
Dungeon (3/15)

Altars:
The Shining One


Innate Abilities, Weirdness & Mutations

You are immune to sickness and miasma.
Your stone body is resilient. (AC +3)
You are immune to poison.
You resist negative energy. (rN+)
You are resistant to electric shocks. (rElec)
You are resistant to unholy torment.
You are immune to petrification.


Message History

The orc priest mumbles some strange prayers to Beogh against you.
Beogh smites you!
Ouch! That really hurt!
Casting: Slow (safe; 12% risk of failure)
Confirm with . or Enter, or press ? or * to list all spells.
Aiming: Slow (safe; 12% risk of failure)
Press: ? - help, Shift-Dir - straight line, f/p - orc priest
Aim: an orc priest, wielding a +0 flail and wearing a +0 leather armour (chance to affect: 43%)
The orc priest seems to slow down.
Casting: Slow (safe; 12% risk of failure)
Confirm with . or Enter, or press ? or * to list all spells.
You don't know that spell.
Fire: 34 arrows
Press: ? - help, Q - select action, (/) - cycle Shift-Dir - straight line, f/p - orc priest
Aim: an orc priest, wielding a +0 flail and wearing a +0 leather armour (slow, 57% to hit)
You shoot an arrow.
The arrow completely misses the orc priest.
You are too injured to fight recklessly!
Fire: 33 arrows
Press: ? - help, Q - select action, (/) - cycle Shift-Dir - straight line, f/p - orc priest
Aim: an orc priest, wielding a +0 flail and wearing a +0 leather armour (slow, 57% to hit)
You shoot an arrow. The arrow hits the orc priest.
The orc priest is lightly wounded.
The orc priest calls down the wrath of Beogh upon you.
Pain shoots through your body!
* * * LOW HITPOINT WARNING * * *
Fire: 32 arrows
Press: ? - help, Q - select action, (/) - cycle Shift-Dir - straight line, f/p - orc priest
Aim: an orc priest, wielding a +0 flail and wearing a +0 leather armour (lightly wounded, slow, 57% to hit)
You shoot an arrow. The arrow hits the orc priest.
The orc priest is heavily wounded.
Fire: 31 arrows
Press: ? - help, Q - select action, (/) - cycle Shift-Dir - straight line, f/p - orc priest
Aim: an orc priest, wielding a +0 flail and wearing a +0 leather armour (heavily wounded, slow, 57% to hit)
You shoot an arrow.
The arrow hits the orc priest but does no damage.
The orc priest is heavily wounded.
The orc priest mumbles some strange prayers to Beogh against you.
Beogh smites you!
You die...

# #### .#### .(#
..... .((......
#######.#......
.......(.(<....
#o# #@# #.# #)#
#######.#
#....##.#
######....##.#
#............#
###.####....####
#......#....#


You could see an orc priest (slow).

Vanquished Creatures
  2 adders
  2 worms (D:2)
  2 orcs (D:3)
  10 bats
  2 endoplasms (D:2)
  2 giant cockroaches (D:1)
  3 goblins
  12 hobgoblins
  5 jackals (D:1)
  2 kobolds (D:2)
  A quokka (D:2)
  A ball python (D:1)
  A frilled lizard (D:2)
  3 rats
48 creatures vanquished.

Notes
Turn   | Place    | Note
-------+----------+-------------------------------------------
     0 | D:1      | zero the Gargoyle Arcane Marksman began the quest for the
                  | Orb.
     0 | D:1      | Reached XP level 1. HP: 12/12 MP: 2/2
   248 | D:1      | Reached XP level 2. HP: 10/16 MP: 3/3
   251 | D:1      | Learned a level 2 spell: Slow
   386 | D:1      | Reached skill level 1 in Stealth
   506 | D:1      | Found a faded altar of an unknown god.
   914 | D:1      | Reached XP level 3. HP: 21/21 MP: 4/4
  1548 | D:2      | Learned a level 3 spell: Inner Flame
  1745 | D:2      | Reached XP level 4. HP: 26/26 MP: 6/6
  1834 | D:2      | Found a glowing golden altar of the Shining One.
  2399 | D:3      | Reached skill level 3 in Bows
  2413 | D:3      | Killed from afar by an orc priest

Illustrated notes

Levels and vault maps discovered:
D:1:      dpeg_arrival_rhombus, layout_basic,
          shapermc_ecumenical_altar_hornbeckon, minivault_25, feat_on_display
D:2:      layout_basic, basic_altar
D:3:      layout_basic, uniq_crazy_yiuf_cottage

Skill      XL: |  1  2  3  4 |
---------------+-------------+-----
Stealth        | 1 2 |  2.4
Fighting       | 2 |  2.0
Bows           | 3 |  3.0
Dodging        | |  1.5
Spellcasting   | |  1.8
Hexes          | |  2.6

Action                   |  1- 3 |  4- 6 || total
-------------------------+-------+-------++-------
Melee: Dagger            |    36 |     1 ||    37
 Fire: Shortbow          |   101 |    46 ||   147
 Cast: Slow              |     4 |     2 ||     6
  Use: Scroll            |     1 |       ||     1
 Stab: Sleeping          |       |     1 ||     1
Armor: Robe              |    28 |     3 ||    31
Dodge: Dodged            |    59 |     7 ||    66

Table legend: (Time is in decaauts)
 A = Elapsed time spent in this place.
 B = Non-inter-level travel time spent in this place.
 C = Inter-level travel time spent in this place.
 D = Time resting spent in this place.
 E = Time spent auto-exploring this place.
 F = Levels seen in this place.
 G = Mean time per level.
                   A        B        C        D        E       F      G
               +--------+--------+--------+--------+--------+-----+--------+
         Total |   2444 |   2155 |    289 |    298 |   1417 |   3 |  814.7 |
       Dungeon |   2444 |   2155 |    289 |    298 |   1417 |   3 |  814.7 |
               +--------+--------+--------+--------+--------+-----+--------+

Top non-repeatable levels by time:
     D:1: 1314 daAuts
     D:2: 945 daAuts
     D:3: 183 daAuts
